 Dungeon Crawl Stone Soup version 0.28.0-45-g0d030f2227 (webtiles) character file.

Game seed: 10771917320201207148

49 NinjaNoafa the Vexing (level 3, 0/28 HPs)
             Began as a Gnoll Arcane Marksman on Apr 4, 2022.
             Slain by Grinder (4 damage)
             ... on level 3 of the Dungeon.
             The game lasted 00:05:40 (1747 turns).

NinjaNoafa the Vexing (Gnoll Arcane Marksman)       Turns: 1747, Time: 00:05:41

Health: 0/28       AC:  3    Str: 11    XL:     3   Next: 77%
Magic:  6/7        EV: 13    Int: 12    God:
Gold:   71         SH:  0    Dex: 12    Spells: 6/7 levels left

rFire   . . .      SeeInvis .   q - +2 dagger (elec)
rCold   . . .      Faith    .   (no shield)
rNeg    . . .      Spirit   .   d - +0 robe
rPois   .          Reflect  .   (no helmet)
rElec   .          Harm     .   (no cloak)
rCorr   .          Rampage  .   (no gloves)
Will    .....                   h - +0 pair of boots
Stlth   +.........              (no amulet)
HPRegen 0.09/turn               (no ring)
MPRegen 0.10/turn               (no ring)

@: no status effects
A: fangs 1, strong nose, distributed training
a: no special abilities


You were on level 3 of the Dungeon.
You visited 1 branch of the dungeon, and saw 3 of its levels.

You collected 71 gold pieces.

Inventory:

Hand Weapons
 a - a +0 shortbow
 q - a +2 dagger of electrocution (weapon)
Missiles
 b - 17 sling bullets
 c - 9 arrows
 n - 4 javelins
Armour
 d - a +0 robe (worn)
 f - a +0 leather armour
 h - a +0 pair of boots (worn)
Scrolls
 e - 2 scrolls of identify {unknown}
 l - a scroll of enchant weapon {unknown}
 p - 2 scrolls of teleportation {unknown}
Potions
 g - a potion of brilliance {unknown}
 i - a potion of cancellation {unknown}
 j - a potion of might {unknown}
 k - a potion of mutation {unknown}
 m - a potion of heal wounds {unknown}
 o - a potion of curing {unknown}


   Skills:
 + Level 2.6 Fighting
 + Level 0.9 Short Blades
 + Level 0.9 Long Blades
 + Level 0.9 Axes
 + Level 0.9 Maces & Flails
 + Level 0.9 Polearms
 + Level 0.9 Staves
 + Level 0.9 Slings
 + Level 4.5 Bows
 + Level 0.9 Crossbows
 + Level 0.9 Throwing
 + Level 0.9 Armour
 + Level 4.5 Dodging
 + Level 0.9 Stealth
 + Level 0.9 Shields
 + Level 0.9 Unarmed Combat
 + Level 2.8 Spellcasting
 + Level 0.6 Conjurations
 + Level 5.4 Hexes
 + Level 0.6 Summonings
 + Level 0.6 Necromancy
 + Level 0.6 Translocations
 + Level 0.6 Transmutations
 + Level 0.6 Fire Magic
 + Level 0.6 Ice Magic
 + Level 0.6 Air Magic
 + Level 0.6 Earth Magic
 + Level 0.6 Poison Magic
 + Level 1.0 Invocations
 + Level 0.9 Evocations


You had 6 spell levels left.
You knew the following spells:

 Your Spells              Type           Power      Damage    Failure   Level
a - Slow                  Hex            56%        N/A       2%          1

Your spell library contained the following spells:

 Spells                   Type           Power      Damage    Failure   Level
 Confusing Touch          Hex            14%        N/A       9%          3
 Inner Flame              Hex/Fire       9%         N/A       22%         3
 Portal Projectile        Hex/Tloc       18%        N/A       22%         3
 Cause Fear               Hex            7%         N/A       26%         4
 Vampiric Draining        Necr           3%         2d6       50%         3
 Chain Lightning          Conj/Air       1%         3d2       100%        9
 Fire Storm               Conj/Fire      1%         8d1       100%        9
 Shatter                  Erth           1%         3d6*      100%        9


Dungeon Overview and Level Annotations

Branches:
Dungeon (3/15)

Altars:

Annotations:
D:3 Grinder


Innate Abilities, Weirdness & Mutations

You have very sharp teeth.
Your uncanny sense of smell can sniff out nearby items.
Your experience applies equally to all skills.


Message History

Aim: Grinder (lightly wounded, chance to affect: 53%) Grinder seems to slow down.
Grinder grins, showing sharp teeth.
Fire: 12 arrows
Press: ? - help, Q - select action, (/) - cycle Shift-Dir - straight line, f/p - Grinder
Aim: Grinder (slow, 57% to hit)
You shoot an arrow. The arrow closely misses Grinder.
Fire: 11 arrows
Press: ? - help, Q - select action, (/) - cycle Shift-Dir - straight line, f/p - Grinder
Aim: Grinder (slow, 57% to hit)
You shoot an arrow. The arrow barely misses Grinder.
Fire: 10 arrows
Press: ? - help, Q - select action, (/) - cycle Shift-Dir - straight line, f/p - Grinder
Aim: Grinder (slow, 57% to hit)
You shoot an arrow. The arrow hits Grinder.
Grinder is lightly wounded.
Grinder blinks!
You hear the crackle of electricity.
q - a +2 dagger of electrocution (weapon)
You barely miss Grinder.
Grinder is lightly wounded.
Grinder gestures at you. Pain shoots through your body!
You hit Grinder. Lightning courses through Grinder!
Grinder is heavily wounded.
You hit Grinder.
Grinder is heavily wounded.
Grinder gestures at you.
You suddenly lose the ability to move!
Grinder hits you. Grinder hits you!
You writhe in agony.
You can move again.
You hit Grinder but do no damage.
Grinder is heavily wounded.
You hit Grinder.
Grinder is heavily wounded.
Grinder hits you!
* * * LOW HITPOINT WARNING * * *
You writhe in agony.
You die...

####### ####
...... ∆..#
...# #.#
#.##.#####(###
#...@.(....(.#
#..#5#####.#.#
###### #. #.#
#.#.# #..... #
#.# #.#.#
#.#### #.#
#.#.# #.# #.#
#.#.###.# #.#
#.#...#.# ..#
#.###.#.###
#.#.......#


You could see Grinder (slow).

Vanquished Creatures
  A gnoll (D:1)
  A worm (D:2)
  A dart slug (D:3)
  6 ball pythons
  6 bats
  2 endoplasms
  2 giant cockroaches (D:1)
  5 goblins
  A hobgoblin (D:1)
  2 quokkas (D:1)
  5 frilled lizards
  2 kobolds
  A rat (D:1)
35 creatures vanquished.

Vanquished Creatures (others)
  7 plants (D:1)
7 creatures vanquished.

Grand Total: 42 creatures vanquished

Notes
Turn   | Place    | Note
-------+----------+-------------------------------------------
     0 | D:1      | NinjaNoafa the Gnoll Arcane Marksman began the quest for
                  | the Orb.
     0 | D:1      | Reached XP level 1. HP: 17/17 MP: 4/4
    33 | D:1      | Found a faded altar of an unknown god.
    79 | D:1      | Reached XP level 2. HP: 23/23 MP: 5/5
   446 | D:1      | Reached XP level 3. HP: 25/28 MP: 7/7
  1189 | D:2      | Reached skill level 1 in Invocations
  1708 | D:3      | Noticed Grinder
  1711 | D:3      | Paralysed by Grinder for 4 turns
  1726 | D:3      | Paralysed by Grinder for 3 turns
  1742 | D:3      | Paralysed by Grinder for 4 turns
  1747 | D:3      | Slain by Grinder

Illustrated notes

Levels and vault maps discovered:
D:1:      lordsloth_arrival_two_stooges, layout_loops_ring,
          chequers_ecumenical_altar_simple, nicolae_grassy_gnolls
D:2:      layout_basic, st_stairs_9, minmay_pentomino_v2
D:3:      layout_basic, mainiacjoe_overflow_24_doors, minmay_strange_pillars,
          uniq_grinder

Skill      XL: |  1  2  3 |
---------------+----------+-----
Invocations    | 1 |  1.0
Fighting       | |  2.6
Short Blades   | |  0.9
Long Blades    | |  0.9
Axes           | |  0.9
Maces & Flails | |  0.9
Polearms       | |  0.9
Staves         | |  0.9
Slings         | |  0.9
Bows           | |  4.5
Crossbows      | |  0.9
Throwing       | |  0.9
Armour         | |  0.9
Dodging        | |  4.5
Stealth        | |  0.9
Shields        | |  0.9
Unarmed Combat | |  0.9
Spellcasting   | |  2.8
Conjurations   | |  0.6
Hexes          | |  5.4
Summonings     | |  0.6
Necromancy     | |  0.6
Translocations | |  0.6
Transmutations | |  0.6
Fire Magic     | |  0.6
Ice Magic      | |  0.6
Air Magic      | |  0.6
Earth Magic    | |  0.6
Poison Magic   | |  0.6
Evocations     | |  0.9

Action                   || total
-------------------------++-------
Melee: Dagger            ||    29
       Bite              ||     3
 Fire: Shortbow          ||    86
 Cast: Slow              ||     3
 Stab: Sleeping          ||     1
Armor: Robe              ||    11
Dodge: Dodged            ||    43
